 Dungeon Crawl Stone Soup version 0.14-a0-2592-g262d02f (webtiles) character file.

179 Jenx the Cudgeler (level 4, -1/28 HPs)
             Began as a Gargoyle Berserker on Feb 12, 2014.
             Was a Priest of Trog.
             Killed by divine providence
             ... invoked by an orc priest
              (15 damage)
             ... on Level 3 of the Dungeon.
             The game lasted 00:03:49 (1556 turns).

Jenx the Cudgeler (Gargoyle Berserker)              Turns: 1556, Time: 00:03:50

HP  -1/28        AC  6     Str 21      XL: 4   Next: 84%
MP   4/4         EV 10     Int  7      God: Trog [***...]
Gold 73          SH  6     Dex 10      Spells:  0 memorised,  3 levels left

rFire  . . .     SeeInvis .     a - +0 mace
rCold  . . .     Clarity  .     j - +0 leather armour
rNeg   + . .     Conserve .     o - +0 buckler (curse)
rPois  +         rCorr    .     (no helmet)
rElec  +         rRot     +     (no cloak)
SustAb . .       Spirit   .     (no gloves)
rMut   .         Warding  .     (no boots)
Saprov . . .     Stasis   .     (no amulet)
MR     ++...                    (no ring)
                                (no ring)

@: regenerating, very resistant to hostile enchantments, very unstealthy
A: life protection 1, electricity resistance, unbreathing, petrification
resistance, AC +3
a: Burn Spellbooks, Berserk, Trog's Hand, Renounce Religion


You were on level 3 of the Dungeon.
You worshipped Trog.
Trog was most pleased with you.
You were not hungry.

You visited 1 branch of the dungeon, and saw 3 of its levels.

You collected 73 gold pieces.

Inventory:

Hand weapons
 a - a +0,+0 mace (weapon)
Armour
 j - a +0 leather armour (worn)
 o - a cursed +0 buckler (worn)
 q - a +0 buckler
Comestibles
 c - 2 bread rations
 n - a meat ration
Scrolls
 g - a scroll of blinking {unknown}
 h - 2 scrolls of curse armour {unknown}
 i - 3 scrolls of identify {unknown}
 k - 2 scrolls of noise {unknown}
 m - a scroll of amnesia {unknown}
 p - a scroll of remove curse {unknown}
Jewellery
 e - an uncursed ring of sustain abilities {unknown}
Potions
 b - a potion of agility {unknown}
 f - 4 potions of curing {unknown}
 l - a potion of speed {unknown}
 r - a potion of heal wounds {unknown}


   Skills:
 - Level 3.2 Fighting
 * Level 5.9 Maces & Flails
 - Level 2.1 Armour
 - Level 1.5 Dodging


You had 3 spell levels left.
You didn't know any spells.

Dungeon Overview and Level Annotations

Branches:
Dungeon (3/16)

Altars:
Ashenzari

Annotations:
D:3 Grinder, Natasha


Innate Abilities, Weirdness & Mutations

You are resistant to torment.
You are immune to poison.
Your stone body is very resilient (AC +3).
You resist negative energy.
You are resistant to electric shocks.
You can survive without breathing.
You are immune to petrification.


Message History

A hobgoblin, 2 orcs and Natasha come into view.
The orc priest calls down the wrath of Beogh upon you.
Pain shoots through your body! Grinder gestures at you.
You suddenly lose the ability to move!
Natasha mumbles some strange words.
Grinder gestures at you. You resist with significant effort.
Grinder hits you but does no damage.
The orc priest calls down the wrath of Beogh upon you.
Pain shoots through your body!
You can move again.
Use which ability? (? or * to list)
Your skin crawls.
You feel resistant to hostile enchantments.
You feel slightly more hungry. The orc hits you with an orcish club.
The orc priest invokes the aid of Beogh against you.
Something smites you!
Ouch! That really hurt!
You die... ##...#### ##..o....# .h.o ... oog

.5. .5
#.# #.
#h#
#o##o#
#goo.#
###5@#
#..#
#..##
#...#
##..#
#..###
#....#
##.#.#
#.#.#


You could see Grinder, 2 orc priests, Natasha, a shadow imp, 2 orcs and a
hobgoblin.

Vanquished Creatures
  5 adders
  An inept feature mimic (D:3)
  2 giant geckos
  3 ball pythons
  8 bats
  2 giant cockroaches (D:1)
  8 goblins
  4 hobgoblins
  2 jackals (D:2)
  A quokka (D:2)
  2 giant newts (D:2)
  5 kobolds
  7 rats
  A plant (D:2)
51 creatures vanquished.

Notes
Turn   | Place    | Note
--------------------------------------------------------------
     0 | D:1      | Jenx, the Gargoyle Berserker, began the quest for the Orb.
     0 | D:1      | Reached XP level 1. HP: 14/14 MP: 1/1
    67 | D:1      | Reached XP level 2. HP: 17/19 MP: 2/2
    68 | D:1      | Reached skill level 4 in Maces & Flails
   210 | D:1      | Found a shattered altar of Ashenzari.
   264 | D:1      | Acquired Trog's second power
   369 | D:1      | Reached XP level 3. HP: 23/23 MP: 3/3
   772 | D:2      | Reached skill level 5 in Maces & Flails
   992 | D:2      | Reached XP level 4. HP: 23/28 MP: 4/4
  1548 | D:3      | Noticed Grinder
  1549 | D:3      | Noticed Natasha
  1552 | D:3      | Paralysed by Grinder for 4 turns
  1556 | D:3      | Killed from afar by an orc priest

Action                   |  1- 3 |  4- 6 || total
-------------------------+-------+-------++-------
Melee: Mace              |   151 |    51 ||   202
Invok: Trog's Hand       |       |     1 ||     1
